 Dungeon Crawl Stone Soup version 0.30-a0-528-g8c47a4955b (webtiles) character file.

Game seed: 2491616845241002382

5099 xzight the Destroyer (level 10, -2/52 HPs)
             Began as a Deep Elf Fire Elementalist on Dec 23, 2022.
             Slain by a killer bee (8 damage)
             ... on level 9 of the Dungeon.
             The game lasted 00:27:10 (11531 turns).

xzight the Destroyer (Deep Elf Fire Elementalist)  Turns: 11531, Time: 00:27:11

Health: -2/52      AC:  4    Str:  4 (5)  XL:     10   Next: 32%
Magic:  2/23       EV: 11    Int: 23 (25) God:
Gold:   557        SH:  0    Dex: 11 (13) Spells: 18/21 levels left

rFire   . . .      SeeInvis +    c - +0 dagger (flame)
rCold   . . .      Faith    .    (no shield)
rNeg    . . .      Spirit   .    r - +0 leather armour
rPois   .          Reflect  .    (no helmet)
rElec   .          Harm     .    (no cloak)
rCorr   .          Rampage  .    a - +0 pair of gloves
Will    +....                    (no boots)
Stlth   ++                       (no amulet)
HPRegen 0.28/turn                (no ring)
MPRegen 0.18/turn                (no ring)

@: lethally poisoned (-2 -> -12)
A: see invisible, clumsy 1, high MP 1
a: no special abilities


You were on level 9 of the Dungeon.
You visited 2 branches of the dungeon, and saw 10 of its levels.

You collected 557 gold pieces.


Innate Abilities, Weirdness & Mutations

You have supernaturally acute eyesight. (SInv)
You are clumsy. (Dex -2)
You have an increased reservoir of magic. (+10% MP)


   Skills:
 + Level 1.3 Fighting
 + Level 3.5 Dodging
 - Level 2.4 Stealth
 * Level 6.3 Spellcasting
 - Level 14.4 Conjurations
 * Level 6.8 Fire Magic


You had 18 spell levels left.
You knew the following spells:

 Your Spells              Type           Power      Damage    Failure   Level
a - Foxfire               Conj/Fire      100%       2x1d9     1%          1
b - Scorch                Fire           76%        2d9       1%          2

Your spell library contained the following spells:

 Spells                   Type           Power      Damage    Failure   Level
 Magic Dart               Conj           100%       1d8       1%          1
 Flame Wave               Conj/Fire      54%        2d13      1%          4
 Mephitic Cloud           Conj/Pois/Air  29%        N/A       6%          3
 Inner Flame              Hex/Fire       23%        N/A       11%         3
 Kindle Blastsparks       Fire/Tloc/Air  34%        2d12      17%         3
 Call Imp                 Summ           7%         N/A       22%         2
 Gell's Gravitas          Tloc           7%         N/A       41%         3
 Portal Projectile        Hex/Tloc       14%        N/A       41%         3
 Teleport Other           Tloc           7%         N/A       41%         3
 Tukima's Dance           Hex            7%         N/A       41%         3
 Anguish                  Hex/Necr       3%         N/A       83%         4
 Cause Fear               Hex            3%         N/A       83%         4
 Summon Lightning Spire   Summ/Air       7%         N/A       83%         4
 Blade Hands              Tmut           3%         N/A       99%         5
 Dispersal                Tloc           3%         N/A       100%        6
 Enfeeble                 Hex            3%         N/A       100%        7
 Storm Form               Tmut/Air       3%         N/A       100%        7
 Discord                  Hex            3%         N/A       100%        8
 Maxwell's Capacitive Co  Air            3%         ∞         100%        8

Inventory:

Hand Weapons
 c - a +0 dagger of flaming (weapon)
Armour
 a - a +0 pair of gloves (worn)
 r - a +0 leather armour (worn)
Jewellery
 C - a ring of ice
 R - a ring of resist corrosion
Wands
 h - a wand of flame (28)
 v - a wand of paralysis (7)
 x - a wand of iceblast (13)
Scrolls
 b - 2 scrolls of identify {@r1}
 d - 2 scrolls of fear {unknown}
 e - 2 scrolls of fog
 f - a scroll of teleportation {@r2}
 g - 3 scrolls of enchant weapon
 j - a scroll of silence {unknown}
 l - 2 scrolls of noise
 m - 2 scrolls of magic mapping
 o - a scroll of vulnerability {unknown}
 p - a scroll of acquirement {unknown}
 q - 2 scrolls of enchant armour {unknown}
 s - a scroll of torment {unknown}
Potions
 i - 4 potions of attraction
 k - a potion of might
 n - a potion of flight
 u - 2 potions of invisibility
 w - a potion of brilliance

Dungeon Overview and Level Annotations

Branches:
Dungeon (9/15)             Temple (1/1) D:6
   Lair: D:8-11         Orc: D:9-12

Altars:
Cheibriados
Dithmenos
Elyvilon
Gozag
Hepliaklqana
Kikubaaqudgha
Makhleb
Nemelex Xobeh
Okawaru
Qazlal
Ru
Sif Muna
Trog
Uskayaw
Vehumet
Xom
Yredelemnul
Zin

Shops:
D:2 [

Annotations:
D:7 1 runed translucent door, lotum's ghost, novice TeFi
D:9 exclusions: sun demon and ynoxinul

#########
........#
♣.33.##.########
≈.~ #......... ~
#.########
#......#
#.####@# # #.#
#y#
..§§#######.#
#†# #.....<....#
#.#
#.#.#########
#.# #.# #.# #.#


You could see a killer bee (combustible).


Message History

You kill the killer bee!
You feel very sick. The killer bee stings you.
* * * LOW HITPOINT WARNING * * *
The killer bee stings you.
* * * LOW HITPOINT WARNING * * *
You are more poisoned.
The killer bee poisons you!
Unknown command.
Okay, then.
Okay, then.
Aiming: Throw Flame
Press: ? - help, Shift-Dir - straight line, f - killer bee
Aim: a killer bee (almost dead, more vulnerable to fire, 39% to hit)
The puff of flame misses the killer bee.
* * * LOW HITPOINT WARNING * * *
You feel very sick. The killer bee stings you.
* * * LOW HITPOINT WARNING * * *
The killer bee stings you.
* * * LOW HITPOINT WARNING * * *
Okay, then.
As you read the scroll labelled ESKATIA APPY, it crumbles to dust.
It is a scroll of brand weapon.
Your +0 dagger is engulfed in flames!
c - a +0 dagger of flaming (weapon)
* * * LOW HITPOINT WARNING * * *
You feel very sick. The killer bee stings you!
You die...

Skill      XL: |  1  2  3  4  5  6  7  8  9 10 |
---------------+-------------------------------+-----
Spellcasting   | 4 5 6 |  6.3
Conjurations   | 2 3 4 5 8 11 14 | 14.4
Fire Magic     | 4 5 6 |  6.8
Dodging        | 3 |  3.5
Fighting       | 1 |  1.3
Stealth        | |  2.4

Action                   |  1- 3 |  4- 6 |  7- 9 | 10-12 || total
-------------------------+-------+-------+-------+-------++-------
Melee: Dagger            |     1 |       |    15 |       ||    16
 Cast: Foxfire           |   127 |    76 |   184 |    57 ||   444
       Scorch            |     1 |    17 |    86 |    35 ||   139
Evoke: Wand              |       |       |       |     1 ||     1
  Use: Potion            |       |     4 |     4 |     2 ||    10
       Scroll            |       |     1 |    10 |     3 ||    14
Armor: Robe              |    10 |       |       |       ||    10
       Leather armour    |       |     4 |    10 |     4 ||    18
       Skin              |       |       |    12 |       ||    12
Dodge: Dodged            |    15 |     7 |    29 |    27 ||    78

Levels and vault maps discovered:
D:1:      dpeg_arrival_castle, layout_basic, st_stairs_6
D:2:      layout_rooms, basic_altar, serial_shops, shop
D:3:      layout_basic, nicolae_gozag_cash_rules_everything_around_me,
          old_standard_altar, nicolae_kikubaaqudgha_miasma_corner
D:4:      layout_basic, nicolae_qazlal_scattered_showers
D:5:      layout_loops_ring, nicolae_eternal_life, minmay_misc_feat_roman
D:6:      layout_rooms, lemuel_coloured_pillars_altar,
          minmay_temple_entry_nine_rooms, minmay_misc_feat_diagonals,
          grunt_ministairs_10, lightli_minifort, uniq_duvessa
D:7:      layout_cave_pools, gammafunk_ghost_grave, uniq_pikel
D:8:      layout_cave_pods, corexii_checkpoint_a, kennysheep_generic_room_13
D:9:      layout_loops_ring, david_orc_2, serial_demonic, serial_demonic_c,
          serial_demonic_b, serial_demonic_d, serial_demonic_f
Temple:   hellmonk_temple_divided_pantheon

Notes
Turn   | Place    | Note
-------+----------+-------------------------------------------
     0 | D:1      | xzight the Deep Elf Fire Elementalist began the quest for
                  | the Orb.
     0 | D:1      | Reached XP level 1. HP: 10/10 MP: 6/6
   337 | D:1      | Reached skill level 4 in Spellcasting
   337 | D:1      | Reached XP level 2. HP: 15/15 MP: 0/9
   340 | D:1      | Learned a level 2 spell: Scorch
  1627 | D:1      | Reached XP level 3. HP: 19/19 MP: 8/11
  1898 | D:2      | Found a shimmering blue altar of Sif Muna.
  1902 | D:2      | Reached skill level 5 in Spellcasting
  2263 | D:2      | Found Voguj's Armour Shop.
  2432 | D:3      | Found an opulent altar of Gozag.
  2690 | D:3      | Reached skill level 2 in Conjurations
  2725 | D:3      | Reached XP level 4. HP: 24/24 MP: 7/13
  3122 | D:3      | Found an ancient bone altar of Kikubaaqudgha.
  3227 | D:3      | Found a bloodstained altar of Trog.
  3489 | D:3      | Reached skill level 4 in Fire Magic
  3510 | D:3      | Gained mutation: You have supernaturally acute eyesight.
                  | (SInv) [potion of mutation]
  3510 | D:3      | Gained mutation: You have an increased reservoir of magic.
                  | (+10% MP) [potion of mutation]
  3510 | D:3      | Gained mutation: You are clumsy. (Dex -2) [potion of
                  | mutation]
  3514 | D:3      | Reached skill level 3 in Conjurations
  3514 | D:3      | Reached XP level 5. HP: 13/28 MP: 10/15
  3894 | D:4      | Noticed a black bear
  3894 | D:4      | Noticed an ogre
  4215 | D:4      | Killed a black bear
  4216 | D:4      | Reached skill level 4 in Conjurations
  4216 | D:4      | Reached skill level 5 in Fire Magic
  4216 | D:4      | Reached XP level 6. HP: 24/32 MP: 9/16
  4699 | D:4      | Found a stormy altar of Qazlal.
  4709 | D:4      | Reached skill level 5 in Conjurations
  4709 | D:4      | Reached skill level 6 in Fire Magic
  4709 | D:4      | Reached XP level 7. HP: 36/36 MP: 10/17
  4879 | D:5      | Entered Level 5 of the Dungeon
  4885 | D:5      | Reached skill level 6 in Conjurations
  4990 | D:5      | Reached skill level 7 in Conjurations
  5252 | D:5      | You fall into a shaft and drop 1 floor!
  5437 | D:5      | Reached skill level 8 in Conjurations
  5489 | D:5      | Reached XP level 8. HP: 33/41 MP: 10/19
  5805 | D:5      | Identified the +4 scale mail "Ocutiniu" {rCorr Str+4 Int-3}
  6178 | D:6      | Reached skill level 9 in Conjurations
  6193 | D:6      | Found a staircase to the Ecumenical Temple.
  6341 | Temple   | Entered the Ecumenical Temple
  6341 | Temple   | Found a transporter.
  6341 | Temple   | Found a transporter.
  6343 | Temple   | Found a transporter.
  6343 | Temple   | Found a transporter.
  6794 | D:6      | Noticed Dowan
  6802 | D:6      | Killed Dowan
  6803 | D:6      | Reached skill level 10 in Conjurations
  6828 | D:6      | Noticed Duvessa
  6840 | D:6      | Killed Duvessa
  7339 | D:6      | Reached skill level 11 in Conjurations
  7519 | D:6      | Reached XP level 9. HP: 45/45 MP: 16/20
  7848 | D:6      | Found a basalt altar of Yredelemnul.
  7990 | D:7      | Found a runed translucent door.
  7990 | D:7      | Noticed lotum's ghost (novice TeFi)
  8047 | D:7      | Reached skill level 12 in Conjurations
  8200 | D:7      | Noticed Pikel
  8804 | D:7      | Killed Pikel
  8805 | D:7      | Reached skill level 13 in Conjurations
  9338 | D:7      | Reached skill level 14 in Conjurations
  9626 | D:7      | Found a runed translucent door.
  9926 | D:8      | Reached XP level 10. HP: 50/50 MP: 10/21
 10811 | D:8      | Reached skill level 3 in Dodging
 10921 | D:7      | Reached skill level 1 in Fighting
 11195 | D:7      | Reached skill level 6 in Spellcasting
 11506 | D:9      | Noticed a sun demon
 11531 | D:9      | Slain by a killer bee

Vanquished Creatures
  Pikel (D:7)
  9 yaks
  2 steam dragons
  3 water moccasins
  Duvessa (D:6)
  An orc warrior (D:6)
  2 ice beasts
  3 ogres
  2 black bears
  A centaur (D:6)
  4 lemures
  2 phantoms
  A gnoll sergeant (D:8)
  A kobold brigand (D:8)
  2 necrophages
  3 bullfrogs (D:6)
  2 scorpions
  5 wights (D:8)
  Dowan (D:6)
  4 killer bees (D:9)
  A howler monkey (D:4)
  2 jellies
  7 orc priests
  2 hounds
  An iguana (D:4)
  2 orc wizards
  4 gnolls
  10 adders
  4 white imps
  A worm (D:2)
  A dart slug (D:5)
  25 orcs
  6 ball pythons
  5 endoplasms
  3 giant cockroaches
  9 goblins
  2 hobgoblins
  3 jackals (D:1)
  2 quokkas
  3 bats
  4 frilled lizards
  15 kobolds
  4 rats (D:1)
166 creatures vanquished.

Vanquished Creatures (others)
  3 demonic plants (D:9)
  673 foxfires
  2 withered plants (D:7)
678 creatures vanquished.

Grand Total: 844 creatures vanquished

Table legend: (Time is in decaauts)
 A = Elapsed time spent in this place.
 B = Non-inter-level travel time spent in this place.
 C = Inter-level travel time spent in this place.
 D = Time resting spent in this place.
 E = Time spent auto-exploring this place.
 F = Levels seen in this place.
 G = Mean time per level.
                   A        B        C        D        E       F      G
               +--------+--------+--------+--------+--------+-----+--------+
         Total |  11542 |  11066 |    476 |   3062 |   6459 |  10 | 1154.2 |
       Dungeon |  11297 |  10821 |    476 |   2862 |   6452 |   9 | 1255.2 |
        Temple |    244 |    244 |      0 |    200 |      7 |   1 |  244.0 |
               +--------+--------+--------+--------+--------+-----+--------+

Top non-repeatable levels by time:
     D:7: 2016 daAuts
     D:1: 1899 daAuts
     D:6: 1783 daAuts
     D:3: 1302 daAuts
     D:5: 1235 daAuts
     D:4: 1223 daAuts
     D:8: 1151 daAuts
     D:2: 649 daAuts
  Temple: 244 daAuts
     D:9: 37 daAuts

Table legend:
 A = Non-vault XP
 B = Vault XP
 C = Vault XP percentage of total XP
 D = Non-vault monster count
 E = Vault monster count
 F = Vault count percentage of total count
                 A         B        C        D         E       F
            +---------+---------+-------+---------+---------+-------
      Total |    6003 |    1282 |  17.6 |     148 |      14 |   8.6
            +---------+---------+-------+---------+---------+-------
        D:1 |      38 |       4 |   9.5 |      25 |       2 |   7.4
        D:2 |      36 |       0 |   0.0 |       6 |       0 |   0.0
        D:3 |     127 |       0 |   0.0 |      16 |       0 |   0.0
        D:4 |     534 |       0 |   0.0 |      17 |       0 |   0.0
        D:5 |     923 |       0 |   0.0 |      21 |       0 |   0.0
        D:6 |     967 |     611 |  38.7 |      23 |       9 |  28.1
        D:7 |    1899 |     663 |  25.9 |      16 |       1 |   5.9
        D:8 |    1235 |       4 |   0.3 |      20 |       2 |   9.1
        D:9 |     244 |       0 |   0.0 |       4 |       0 |   0.0
            +---------+---------+-------+---------+---------+-------
